 Dungeon Crawl Stone Soup version 0.30-a0-365-ge7f957f1db (webtiles) character file.

Game seed: 9416105272948603026

9952 IdlyInterested the Basher (level 11, -7/90 HPs)
             Began as a Demonspawn Wanderer on Nov 16, 2022.
             Mangled by an orc warrior
             ... wielding a +0 flail
              (9 damage)
             ... on level 10 of the Dungeon.
             The game lasted 00:43:18 (12367 turns).

IdlyInterested the Basher (Demonspawn Wanderer)    Turns: 12367, Time: 00:43:19

Health: -7/90      AC: 11    Str: 25    XL:     11   Next: 29%
Magic:  14/14      EV: 13    Int: 13    God:
Gold:   666        SH:  8    Dex: 13    Spells: 13/14 levels left

rFire   . . .      SeeInvis .    H - +2 morningstar (freeze)
rCold   x . .      Faith    .    T - +0 kite shield
rNeg    + + .      Spirit   .    M - +1 chain mail {rN+}
rPois   .          Reflect  .    E - +2 hat of Greater Demons {rN+ Str+3 Dex-3}
rElec   .          Harm     .    q - +0 cloak
rCorr   .          Rampage  .    (no gloves)
Will    .....                    (no boots)
Stlth   ++........               (no amulet)
HPRegen 0.35/turn                k - +4 ring of slaying
MPRegen 0.14/turn                J - ring "Puod" {*Corrode rC- EV+4 Str+4 Slay+5}

@: corroded, on berserk cooldown, slowed, very slow
A: horns 1, powered by pain 1, sturdy frame 3, talons 1, thin skeletal structure
1, agile 1
a: no special abilities


You were on level 10 of the Dungeon.
You visited 2 branches of the dungeon, and saw 11 of its levels.
You also visited: Sewer and Bailey.

You collected 666 gold pieces.

Inventory:

Hand Weapons
 c - the +5 sword of Power {vorpal}
   (You found it in a bailey)

   It inflicts extra damage upon your enemies.
   It occasionally discharges a powerful but inaccurate bolt of energy upon
   striking a foe, with increased chance the greater the wielder's current
   health.
 d - a +4 vorpal flail
 h - a +2 short sword of flaming
 o - a +3 dagger
 y - the +3 dagger of Rorph {vorpal, rF+ rC+}
   (You found it on level 5 of the Dungeon)

   It inflicts extra damage upon your enemies.
   rF:        It protects you from fire.
   rC:        It protects you from cold.
 D - a +0 whip of electrocution
 H - a +2 morningstar of freezing (weapon)
 I - the +6 bardiche "Wettedwe" {drain, Str+3 SInv}
   (You found it in a bailey)

   A truly terrible weapon, it drains the life of any living foe it strikes.
   Str:       It affects your strength (+3).
   SInv:      It lets you see invisible.
 Q - a +0 spectral morningstar
 X - the +11 trident of Hard Scrabble {venom, rCorr}
   (You took it off an orc on level 9 of the Dungeon)

   It poisons the flesh of those it strikes.
   rCorr:     It protects you from acid and corrosion.
Missiles
 b - 51 poisoned darts (quivered)
 f - 83 stones
 g - 4 boomerangs
 n - 6 silver javelins
 K - a throwing net
 O - a curare-tipped dart
 Z - 22 javelins
Armour
 q - a +0 cloak (worn)
 t - a +0 cloak
 v - a +2 robe of the Archmagi
 E - the +2 hat of Greater Demons (worn) {rN+ Str+3 Dex-3}
   (You found it on level 6 of the Dungeon)

   Str:       It affects your strength (+3).
   Dex:       It affects your dexterity (-3).
   rN:        It protects you from negative energy.
 M - a +1 chain mail of positive energy (worn)
 T - a +0 kite shield (worn)
Magical Staves
 j - a staff of earth
Jewellery
 k - a +4 ring of slaying (left hand)
 u - a ring of ice
 J - the ring "Puod" (right hand) {*Corrode rC- EV+4 Str+4 Slay+5}
   (You found it on level 7 of the Dungeon)

   [ring of evasion]

   EV:        It affects your evasion (+4).
   Str:       It affects your strength (+4).
   Slay:      It affects your accuracy & damage with ranged weapons and melee
   (+5).
   rC:        It makes you vulnerable to cold.
   *Corrode:  It may corrode you when you take damage.
 R - a ring of protection from fire
Wands
 B - a wand of digging (7)
 V - a wand of flame (7)
 W - a wand of acid (6)
Scrolls
 a - 3 scrolls of enchant weapon
 i - 2 scrolls of fog
 r - a scroll of fear
 C - 4 scrolls of teleportation
 L - a scroll of magic mapping {unknown}
 Y - a scroll of brand weapon
Potions
 e - a potion of brilliance
 l - a potion of might
 m - 3 potions of curing
 p - a potion of invisibility
 w - 4 potions of flight
 x - a potion of lignification
 z - a potion of magic
 A - 2 potions of cancellation
 F - a potion of mutation
 G - 4 potions of haste


   Skills:
 * Level 9.7 Fighting
 + Level 11.7 Maces & Flails
 - Level 1.0 Throwing
 - Level 8.0 Armour
 - Level 2.0 Dodging
 * Level 1.4 Stealth
 - Level 2.0 Shields
 - Level 2.0 Spellcasting
 - Level 1.0 Evocations


You had 13 spell levels left.
You knew the following spells:

 Your Spells              Type           Power      Damage    Failure   Level
a - Freeze                Ice            4%         1d3       83%         1

Your spell library contained the following spells:

 Spells                   Type           Power      Damage    Failure   Level
 Beastly Appendage        Tmut           2%         N/A       83%         1
 Magic Dart               Conj           4%         1d3       83%         1
 Sandblast                Erth           2%         2d4       83%         1
 Passwall                 Tmut/Erth      0%         N/A       93%         2
 Wereblood                Tmut           1%         N/A       93%         2
 Hailstorm                Conj/Ice       1%         3d3       99%         3
 Inner Flame              Hex/Fire       1%         N/A       99%         3
 Portal Projectile        Hex/Tloc       2%         N/A       99%         3
 Spider Form              Tmut/Pois      1%         N/A       99%         3
 Stone Arrow              Conj/Erth      2%         3d7       99%         3
 Airstrike                Air            0%         2d(1-17)  100%        4
 Summon Lightning Spire   Summ/Air       1%         N/A       100%        4
 Lightning Bolt           Conj/Air       0%         1d11      100%        5
 Orb of Destruction       Conj           0%         9d5       100%        7


Dungeon Overview and Level Annotations

Branches:
Dungeon (10/15)            Temple (1/1) D:6             Orc (0/2) D:10
  Sewer (visited)          Bailey (visited)
   Lair: D:8-11

Altars:
Ashenzari
Cheibriados
Dithmenos
Fedhas
Gozag
Hepliaklqana
Kikubaaqudgha
Makhleb
Nemelex Xobeh
Okawaru
Qazlal
Ru
Sif Muna
Trog
Uskayaw
Vehumet
Wu Jian
Xom
Yredelemnul

Shops:
D:1 =   D:8 :


Innate Abilities, Weirdness & Mutations

You have a pair of small horns on your head.
You sometimes gain a little power by taking damage.
Your movements are significantly less encumbered by armour. (ER -6)
You have sharp toenails.
You have a somewhat thin skeletal structure. (Dex +2, Stealth+)
You are agile. (Dex +4, Str/Int -1)


Message History

You barely miss the orc priest. You claw the orc priest!
You kill the orc priest!
The orc warrior hits you but does no damage.
The orc hits you with a +0 hand axe.
* * * LOW HITPOINT WARNING * * *
Unknown command.
You sock the orc priest! You freeze the orc priest.
You kill the orc priest!
You block the orc warrior's attack. You block the orc's attack.
Unknown command.
You puncture the orc warrior! You freeze the orc warrior.
You claw the orc warrior. You headbutt the orc warrior.
You kill the orc warrior!
The orc barely misses you. x2; The orc warrior closely misses you.
The orc hits you but does no damage.
You thump the orc warrior! You freeze the orc warrior.
You claw the orc warrior.
The orc warrior is severely wounded.
You block the orc warrior's attack.
The orc warrior hits you but does no damage.
The orc hits you with a +0 hand axe.
* * * LOW HITPOINT WARNING * * *
Your corrosive artefact corrodes you!
You block the orc's attack. The orc hits you but does no damage.
The orc closely misses you.
You bludgeon the orc warrior!! You freeze the orc warrior.
You kill the orc warrior!
You closely miss the orc warrior. You claw the orc warrior!
Your headbutt misses the orc warrior.
The orc warrior is moderately wounded.
You block the orc warrior's attack. The orc barely misses you.
The orc hits you but does no damage. The orc closely misses you.
The orc hits you but does no damage.
You hit the orc warrior. You freeze the orc warrior.
Your headbutt misses the orc warrior.
The orc warrior is heavily wounded.
You are no longer berserk.
You are exhausted.
You feel yourself slow down.
The orc warrior hits you with a +0 flail!
You die...

....##..#####.......######..###.#
............#.......# #..###.#
..##........#.......# #......#
..##........############ ##.#####
#.#.........#......>.... ###
#.#.........#...........
#.#.........#...o.._..⌠.
#.#.##...####..ooo......
).))##...# #.oo@o.8....
..#......# ###8o8#####8+
.##......# #.).).......
###......####.#...####.
......#.......##.....#
...........).....###+#
..............####
.................#
.....#...........#


You could see an orc warrior and 7 orcs.

Vanquished Creatures
  A two-headed ogre (D:7)
  2 unseen horrors
  A hornet (D:9)
  Sigmund (D:4)
  A wraith (D:10)
  13 yaks
  A human (D:5)
  A steam dragon (D:8)
  Edmund (D:4)
  A water moccasin (D:9)
  22 orc warriors
  A black bear (D:5)
  3 ice beasts
  10 centaurs
  A phantom (D:4)
  6 bullfrogs
  4 kobold brigands
  A gnoll sergeant (D:8)
  2 necrophages
  7 wights
  5 killer bees (D:8)
  A gnoll bouda (D:7)
  5 hounds
  7 orc priests
  Jessica (D:3)
  Natasha (thrice) (D:3)
  3 iguanas
  5 orc wizards
  Robin (D:4)
  18 gnolls
  13 adders
  3 river rats (Sewer)
  A worm (D:2)
  3 dart slugs
  53 orcs
  2 endoplasms
  7 giant cockroaches
  18 goblins
  11 hobgoblins
  7 jackals
  38 kobolds
  8 quokkas
  14 ball pythons
  6 bats
  4 frilled lizards
  26 rats
343 creatures vanquished.

Vanquished Creatures (others)
  2 plants (D:1)
2 creatures vanquished.

Grand Total: 345 creatures vanquished

Notes
Turn   | Place    | Note
-------+----------+-------------------------------------------
     0 | D:1      | IdlyInterested the Demonspawn Wanderer began the quest for
                  | the Orb.
     0 | D:1      | IdlyInterested set off with the following items: a +2 mace,
                  | 10 poisoned darts, a +0 dagger, a potion of heal wounds, a
                  | +0 robe; and the following spell memorised: Freeze; and the
                  | following spells available to memorise: Hailstorm.
     0 | D:1      | Reached XP level 1. HP: 15/15 MP: 3/3
   109 | D:1      | Gained mutation: Your movements are slightly less
                  | encumbered by armour. (ER -2) [demonic ancestry]
   109 | D:1      | Reached XP level 2. HP: 20/21 MP: 5/5
   239 | D:1      | Reached skill level 5 in Maces & Flails
   333 | D:1      | Found Tetabiut's Jewellery Emporium.
   439 | D:1      | Reached XP level 3. HP: 23/26 MP: 6/6
  1085 | D:2      | Gained mutation: Your movements are less encumbered by
                  | armour. (ER -4) [demonic ancestry]
  1085 | D:2      | Reached XP level 4. HP: 27/33 MP: 7/7
  1879 | D:3      | Got the Parchment of Lethal Spellbinding
  1975 | D:3      | Noticed Natasha
  1991 | D:3      | Killed Natasha
  1992 | D:3      | Reached XP level 5. HP: 17/39 MP: 8/8
  2049 | D:3      | Identified a scroll of acquirement
  2049 | D:3      | Acquired a +4 ring of slaying
  2475 | D:3      | Noticed Jessica
  2481 | D:3      | Killed Jessica
  2835 | D:3      | Found a faded altar of an unknown god.
  3393 | D:3      | Noticed Natasha
  3404 | D:3      | Killed Natasha
  3496 | D:3      | Noticed Natasha
  3504 | D:3      | Killed Natasha
  3634 | D:4      | Reached skill level 6 in Maces & Flails
  3634 | D:4      | Reached XP level 6. HP: 36/46 MP: 9/9
  3737 | D:4      | Noticed Edmund
  3781 | D:4      | Killed Edmund
  3897 | D:4      | Noticed an orc warrior
  3914 | D:4      | Killed an orc warrior
  3915 | D:4      | Gained mutation: Your movements are significantly less
                  | encumbered by armour. (ER -6) [demonic ancestry]
  3915 | D:4      | Reached XP level 7. HP: 27/53 MP: 10/10
  4089 | D:4      | Noticed Sigmund
  4109 | D:4      | Killed Sigmund
  4110 | D:4      | Reached skill level 1 in Stealth
  4283 | D:4      | Noticed Robin
  4298 | D:4      | Killed Robin
  5011 | D:4      | Reached skill level 7 in Maces & Flails
  5011 | D:4      | Reached skill level 1 in Dodging
  5137 | D:5      | Entered Level 5 of the Dungeon
  5199 | D:5      | Reached skill level 5 in Fighting
  5199 | D:5      | Gained mutation: You have a pair of small horns on your
                  | head. [demonic ancestry]
  5199 | D:5      | Reached XP level 8. HP: 59/62 MP: 11/11
  5345 | D:5      | Found a runed translucent door.
  5355 | D:5      | Reached skill level 1 in Evocations
  5916 | D:5      | Identified the +3 dagger of Rorph {vorpal, rF+ rC+}
  6049 | D:5      | Found a basalt altar of Yredelemnul.
  6080 | D:5      | Found a shimmering altar of Xom.
  6540 | D:6      | Identified the +2 hat of Greater Demons {rN+ Str+3 Dex-3}
  6788 | D:6      | Found an ancient bone altar of Kikubaaqudgha.
  6816 | D:6      | Reached skill level 8 in Maces & Flails
  6846 | D:6      | Found a glowing drain.
  6860 | Sewer    | Entered a sewer
  6886 | Sewer    | Reached skill level 5 in Armour
  7479 | D:6      | Found an iron altar of Okawaru.
  7480 | D:6      | Found a radiant altar of Vehumet.
  7675 | D:6      | Found a staircase to the Ecumenical Temple.
  7684 | Temple   | Entered the Ecumenical Temple
  8103 | D:6      | Gained mutation: Your body sometimes deteriorates upon
                  | taking damage. [potion of mutation]
  8116 | D:6      | Lost mutation: Your body sometimes deteriorates upon taking
                  | damage. [potion of mutation]
  8116 | D:6      | Gained mutation: You have a somewhat thin skeletal
                  | structure. (Dex +2, Stealth+) [potion of mutation]
  8116 | D:6      | Gained mutation: You are agile. (Dex +4, Str/Int -1)
                  | [potion of mutation]
  8116 | D:6      | Gained mutation: You have sharp toenails. [potion of
                  | mutation]
  8139 | D:7      | Gained mutation: You sometimes gain a little power by
                  | taking damage. [demonic ancestry]
  8139 | D:7      | Reached XP level 9. HP: 69/69 MP: 12/12
  8332 | D:7      | Identified the ring "Puod" {*Corrode rC- EV+4 Str+4 Slay+5}
  8742 | D:7      | Noticed a two-headed ogre
  8753 | D:7      | Killed a two-headed ogre
  8754 | D:7      | Reached skill level 9 in Maces & Flails
  8861 | D:7      | Found a sparkling altar of Nemelex Xobeh.
  9163 | D:8      | Reached XP level 10. HP: 48/79 MP: 13/13
  9526 | D:8      | Found Cuuskadgh's Book Shoppe.
 10053 | D:9      | Identified the +11 trident of Hard Scrabble {venom, rCorr}
 10110 | D:9      | Reached skill level 10 in Maces & Flails
 10110 | D:9      | Found a flagged portal.
 10121 | Bailey   | Entered a bailey
 10634 | Bailey   | Found the +5 sword of Power {vorpal}
 10652 | Bailey   | HP: 3/81 [centaur/javelin (5)]
 11176 | Bailey   | Identified the +6 bardiche "Wettedwe" {drain, Str+3 SInv}
 11499 | D:9      | Reached skill level 11 in Maces & Flails
 11500 | D:9      | Reached skill level 1 in Shields
 11512 | D:9      | Found a stormy altar of Qazlal.
 11519 | D:9      | Paralysed by a hornet for 2 turns
 11588 | D:9      | Reached XP level 11. HP: 89/89 MP: 14/14
 11823 | D:10     | Entered Level 10 of the Dungeon
 12333 | D:10     | Found a staircase to the Orcish Mines.
 12358 | D:10     | HP: 5/133 [orc warrior/+0 trident (4)]
 12361 | D:10     | HP: 2/133 [orc/+0 hand axe (1)]
 12367 | D:10     | Mangled by an orc warrior

Illustrated notes

Levels and vault maps discovered:
D:1:      psy_arrival_terrarium, layout_loops_ring, serial_shops,
          nicolae_shop_waterfront, nicolae_kite_square_tiling_tiny,
          serial_bayou_ford_a
D:2:      minmay_chambers_of_twos, layout_basic
D:3:      layout_basic, mainiacjoe_overflow_concentric_impassable,
          shapermc_ecumenical_altar_pompeii, uniq_natasha, uniq_jessica
D:4:      layout_basic, kennysheep_big_empty_room, uniq_robin, uniq_sigmund,
          uniq_edmund
D:5:      layout_basic, lemuel_round_altar, dk_yredelemnul_ordeal
D:6:      nicolae_cairo_tiling_large, layout_basic, minitemple,
          minmay_temple_entry_ruins, gup_sewer_entry_bubbles
D:7:      layout_basic, mainiacjoe_overflow_small_starburst
D:8:      layout_loops_cross, serial_shops, shop_fountains
D:9:      layout_loops_ring, grunt_qazlal_clouds, enter_bailey_6
D:10:     layout_basic, david_orc_5
Temple:   nicolae_temple_bog_church

Skill      XL: |  1  2  3  4  5  6  7  8  9 10 11 |
---------------+----------------------------------+-----
Maces & Flails | 5 6 7 8 9 11 | 11.7
Fighting       | 2 3 5 6 7 9 |  9.7
Armour         | 2 3 4 5 7 8 |  8.0
Stealth        | 1 |  1.4
Dodging        | 1 2 |  2.0
Evocations     | 1 |  1.0
Shields        | 1 2 |  2.0
Throwing       | |  1.0
Spellcasting   | |  2.0

Action                   |  1- 3 |  4- 6 |  7- 9 | 10-12 || total
-------------------------+-------+-------+-------+-------++-------
Melee: Mace              |   101 |   180 |       |       ||   281
       Punch             |       |     4 |     3 |     1 ||     8
       Flail             |       |    15 |   298 |       ||   313
       Headbutt          |       |       |    30 |    24 ||    54
       Kick              |       |       |    25 |    40 ||    65
       Morningstar       |       |       |    22 |   164 ||   186
       Trident           |       |       |       |     2 ||     2
       Bardiche          |       |       |       |     2 ||     2
Throw: Dart              |     1 |       |     5 |       ||     6
Evoke: Wand              |       |       |       |     8 ||     8
  Use: Scroll            |     2 |     3 |    11 |     4 ||    20
       Potion            |       |     4 |     6 |     3 ||    13
 Stab: Sleeping          |       |       |       |     1 ||     1
Armor: Robe              |    13 |       |       |       ||    13
       Scale mail        |    30 |    90 |       |       ||   120
       Chain mail        |       |       |   182 |   120 ||   302
       Plate armour      |       |       |    16 |       ||    16
Dodge: Dodged            |    52 |   115 |   159 |   160 ||   486
Block: Kite shield       |       |       |       |    67 ||    67

Table legend: (Time is in decaauts)
 A = Elapsed time spent in this place.
 B = Non-inter-level travel time spent in this place.
 C = Inter-level travel time spent in this place.
 D = Time resting spent in this place.
 E = Time spent auto-exploring this place.
 F = Levels seen in this place.
 G = Mean time per level.
                   A        B        C        D        E       F      G
               +--------+--------+--------+--------+--------+-----+--------+
         Total |  12538 |  10189 |   2349 |   1224 |   5559 |  13 |  964.5 |
       Dungeon |  10645 |   8307 |   2338 |    756 |   5306 |  10 | 1064.5 |
        Temple |    168 |    158 |     10 |      0 |    144 |   1 |  168.0 |
         Sewer |    539 |    539 |      0 |    109 |    107 |   1 |  539.0 |
        Bailey |   1185 |   1185 |      0 |    359 |      0 |   1 | 1185.0 |
               +--------+--------+--------+--------+--------+-----+--------+

Top non-repeatable levels by time:
     D:3: 1746 daAuts
     D:4: 1595 daAuts
  Bailey: 1185 daAuts
     D:6: 1164 daAuts
     D:5: 1154 daAuts
     D:7: 1050 daAuts
     D:2: 1036 daAuts
     D:1: 981 daAuts
     D:9: 809 daAuts
     D:8: 694 daAuts
   Sewer: 539 daAuts
    D:10: 412 daAuts
  Temple: 168 daAuts
